 Dungeon Crawl Stone Soup version 0.23-a0-208-gb6b040f (webtiles) character file.

156 Felrender the Covered (level 5, -1/42 HPs)
             Began as a Demonspawn Fighter on Sept 24, 2018.
             Slain by a gnoll
             ... wielding a +0 spear
              (2 damage)
             ... on level 4 of the Dungeon.
             The game lasted 00:05:41 (2511 turns).

Felrender the Covered (Demonspawn Fighter)          Turns: 2511, Time: 00:05:42

Health: -1/42      AC:  7    Str: 22    XL:     5   Next: 15%
Magic:  5/5        EV:  8    Int: 10    God:
Gold:   158        SH:  9    Dex: 12    Spells: 4/4 levels left

rFire    . . .     SeeInvis .   a - +0 long sword
rCold    . . .     Gourm    .   c - +0 shield
rNeg     . . .     Faith    .   b - +0 scale mail
rPois    .         Spirit   .   (no helmet)
rElec    .         Reflect  .   (no cloak)
rCorr    .         Harm     .   (no gloves)
MR       .....                  (no boots)
Stlth    ..........             (no amulet)
HPRegen  0.14/turn              (no ring)
MPRegen  0.09/turn              (no ring)

@: mighty
A: rugged brown scales 1, spiny 1, rot immunity
a: no special abilities


You were on level 4 of the Dungeon.
You were hungry.

You visited 1 branch of the dungeon, and saw 4 of its levels.

You collected 158 gold pieces.

Inventory:

Hand Weapons
 a - a +0 long sword (weapon)
Armour
 b - a +0 scale mail (worn)
 c - a +0 shield (worn)
Potions
 d - a potion of might
 e - a potion of lignification {unknown}
 h - 2 potions of brilliance
 i - a potion of berserk rage {unknown}
 k - a potion of flight {unknown}
Comestibles
 f - 4 rations


   Skills:
 + Level 3.3 Fighting
 + Level 3.0 Long Blades
 + Level 3.5 Armour
 + Level 1.2 Dodging
 + Level 0.1 Stealth
 + Level 3.3 Shields


You had 4 spell levels left.
You didn't know any spells.
Your spell library was empty.

Dungeon Overview and Level Annotations

Branches:
Dungeon (4/15)
 Temple: D:4-7

Altars:


Innate Abilities, Weirdness & Mutations

You are partially covered in rugged brown scales. (AC +1, +3% HP)
You are partially covered in sharp spines.
You are immune to rotting.


Message History

You block the gnoll's attack. You block the jackal's attack.
The gnoll hits you from afar with a spear.
* * * LOW HITPOINT WARNING * * *
The jackal bites you but does no damage.
The gnoll hits you with a spear.
* * * LOW HITPOINT WARNING * * *
You barely miss the gnoll.
The gnoll is heavily wounded.
The jackal is struck by your spines.
You kill the jackal!
The jackal is struck by your spines.
You kill the jackal!
You block the gnoll's attack. x2
The gnoll hits you from afar with a spear.
* * * LOW HITPOINT WARNING * * *
The gnoll hits you but does no damage.
You see here a jackal corpse.
You block the gnoll's attack.
The gnoll hits you from afar with a spear.
You die...

... .. .. #. .
#... .#######
##...#####......#
.......<##†.....#
##.....gg@†.....#
........##......#
.#..<...#########
........#
##......#
.........
##......# #......


You could see 2 gnolls.

Vanquished Creatures
  An orc wizard (D:3)
  A gnoll (D:4)
  3 adders
  4 worms
  2 dart slugs (D:1)
  3 leopard geckos
  5 orcs (D:3)
  A ball python (D:1)
  6 bats
  4 giant cockroaches
  3 hobgoblins
  8 jackals
  7 kobolds
  2 quokkas (D:2)
  3 frilled lizards
  8 goblins
  8 rats
69 creatures vanquished.

Notes
Turn   | Place    | Note
-------+----------+-------------------------------------------
     0 | D:1      | Felrender the Demonspawn Fighter began the quest for the
                  | Orb.
     0 | D:1      | Reached XP level 1. HP: 18/18 MP: 1/1
   141 | D:1      | Gained mutation: You are partially covered in rugged brown
                  | scales. (AC +1, +3% HP) [demonic ancestry]
   141 | D:1      | Reached XP level 2. HP: 18/24 MP: 2/2
   622 | D:1      | Gained mutation: You are partially covered in sharp spines.
                  | [demonic ancestry]
   622 | D:1      | Reached XP level 3. HP: 29/29 MP: 3/3
  1164 | D:2      | Reached XP level 4. HP: 32/36 MP: 4/4
  2501 | D:4      | Gained mutation: You are immune to rotting. [demonic
                  | ancestry]
  2501 | D:4      | Reached XP level 5. HP: 36/42 MP: 5/5
  2503 | D:4      | Reached skill level 1 in Dodging
  2508 | D:4      | HP: 2/42 [gnoll/spear (4)]
  2511 | D:4      | Slain by a gnoll

Vault maps used:
D:1:      dpeg_arrival_short_road, serial_bayou_pond_b, st_stairs_3, hex_tiny
D:2:      first_ration
D:4:      uniq_edmund

Skill      XL: |  1  2  3  4  5 |
---------------+----------------+-----
Shields        | 3 |  3.3
Armour         | 3 |  3.5
Long Blades    | 2 3 |  3.0
Dodging        | 1 |  1.2
Fighting       | |  3.3
Stealth        | |  0.1

Action                   |  1- 3 |  4- 6 || total
-------------------------+-------+-------++-------
Melee: Long sword        |   137 |    57 ||   194
  Use: Scroll            |     2 |     2 ||     4
       Potion            |       |     2 ||     2
  Eat: Chunk             |     1 |     4 ||     5
Armor: Scale mail        |    61 |    22 ||    83
Dodge: Dodged            |    46 |    24 ||    70
Block: Shield            |    74 |    34 ||   108
       Rpst.: Long sword |    15 |     7 ||    22

Table legend:
 A = Non-vault XP
 B = Vault XP
 C = Vault XP percentage of total XP
 D = Non-vault monster count
 E = Vault monster count
 F = Vault count percentage of total count
                 A         B        C        D         E       F
            +---------+---------+-------+---------+---------+-------
      Total |     218 |       6 |   2.7 |      65 |       4 |   5.8
            +---------+---------+-------+---------+---------+-------
        D:1 |      40 |       6 |  13.0 |      20 |       4 |  16.7
        D:2 |      71 |       0 |   0.0 |      26 |       0 |   0.0
        D:3 |      67 |       0 |   0.0 |      12 |       0 |   0.0
        D:4 |      40 |       0 |   0.0 |       7 |       0 |   0.0
            +---------+---------+-------+---------+---------+-------
